 Dungeon Crawl Stone Soup version 0.21.1-1-g345015fe64 (webtiles) character file.

52 HessuHobo the Shield-Bearer (level 3, 0/36 HPs)
             Began as a Troll Fighter on May 23, 2018.
             Succumbed to a scorpion's poison
             ... on level 2 of the Dungeon.
             The game lasted 00:01:49 (1108 turns).

HessuHobo the Shield-Bearer (Troll Fighter)         Turns: 1108, Time: 00:01:50

Health: 0/36       AC:  5    Str: 25    XL:     3   Next: 60%
Magic:  2/2        EV: 14    Int:  4    God:
Gold:   111        SH:  9    Dex: 14    Spells: 2/2 levels left

rFire    . . .     SeeInvis .   a - +0 rapier
rCold    . . .     Gourm    +   c - +0 shield
rNeg     . . .     Faith    .   b - +0 robe
rPois    .         Spirit   .   (helmet restricted)
rElec    .         Reflect  .   (no cloak)
rCorr    .         Harm     .   (gloves unavailable)
MR       .....                  (boots unavailable)
Stlth    ++........             (no amulet)
HPRegen  0.52/turn              (no ring)
MPRegen  0.08/turn              (no ring)

@: agile, lethally poisoned (0 -> -8), flying
A: large, unfitting armour, antennae 1, claws 3, hooves 1, fast metabolism 3,
gourmand, regeneration 1, shaggy fur 1, tough skin 2
a: no special abilities


You were on level 2 of the Dungeon.
You were very hungry.

You visited 1 branch of the dungeon, and saw 2 of its levels.

You collected 111 gold pieces.

Inventory:

Hand Weapons
 a - a +0 rapier (weapon)
Armour
 b - a +0 robe (worn)
 c - a +0 shield (worn)
Jewellery
 l - an uncursed amulet of harm {unknown}
Scrolls
 d - a scroll of noise {unknown}
 e - 2 scrolls of teleportation {unknown}
 h - a scroll of remove curse {unknown}
 i - 3 scrolls of identify {unknown}
 j - a scroll of amnesia {unknown}
 m - a scroll of enchant weapon {unknown}
Potions
 g - a potion of mutation
Comestibles
 f - 2 rations


   Skills:
 + Level 2.7 Fighting
 * Level 2.2 Short Blades
 + Level 2.8 Dodging
 + Level 2.8 Shields


You had 2 spell levels left.
You didn't know any spells.

Dungeon Overview and Level Annotations

Branches:
Dungeon (2/15)

Altars:


Innate Abilities, Weirdness & Mutations

You are too large for most types of armour.
You have claws for hands.
Your metabolism is lightning-fast.
You like to eat raw meat.
Your natural rate of healing is unusually fast.
You are covered in fur. (AC +1)
You have very tough skin. (AC +2)
You have a pair of small antennae on your head.
You have large cloven feet.


Message History

It was a potion of mutation.
You feel extremely strange.
Your feet thicken and deform.
A pair of antennae grows on your head!
The scorpion stings you but does no damage.
You hit the scorpion but do no damage. Your kick misses the scorpion.
The scorpion is moderately wounded.
You feel sick. You block the scorpion's attack. The scorpion barely misses you.
It was a potion of flight.
You feel very buoyant.
You fly up into the air.
You feel sick. The scorpion stings you.
* * * LOW HITPOINT WARNING * * *
You are lethally poisoned!
The scorpion poisons you!
It was a potion of agility.
You feel agile all of a sudden.
* * * LOW HITPOINT WARNING * * *
You feel sick. The scorpion stings you.
* * * LOW HITPOINT WARNING * * *
You closely miss the scorpion. You kick the scorpion.
The scorpion is heavily wounded.
You die...

#.. #.# #.# #.# ##
#.# #.#####. #.#
#....... #s#
########.
#@########........
#..........#######
############


You could see a scorpion.

Vanquished Creatures
  Terence (D:2)
  A leopard gecko (D:1)
  An orc (D:2)
  2 hobgoblins (D:1)
  4 jackals (D:2)
  2 bats (D:2)
  3 frilled lizards
  3 goblins
  4 kobolds
  4 rats (D:1)
25 creatures vanquished.

Notes
Turn   | Place    | Note
-------+----------+-------------------------------------------
     0 | D:1      | HessuHobo the Troll Fighter began the quest for the Orb.
     0 | D:1      | Reached XP level 1. HP: 22/22 MP: 0/0
   233 | D:1      | Reached XP level 2. HP: 29/29 MP: 1/1
   856 | D:2      | Noticed Terence
   876 | D:2      | Killed Terence
   876 | D:2      | Reached XP level 3. HP: 18/36 MP: 2/2
  1093 | D:2      | Noticed a scorpion
  1104 | D:2      | Gained mutation: You have large cloven feet. [potion of mutation]
  1104 | D:2      | Gained mutation: You have a pair of small antennae on your head. [potion of mutation]
  1107 | D:2      | HP: 1/36 [scorpion (2)]
  1108 | D:2      | Succumbed to a scorpion's poison

Skill      XL: |  1  2 |
---------------+-------+-----
Short Blades   | 2 |  2.2
Fighting       | |  2.7
Dodging        | |  2.8
Shields        | |  2.8

Action                   || total
-------------------------++-------
Melee: Rapier            ||   100
       Kick              ||     1
  Use: Potion            ||     4
 Stab: Sleeping          ||     2
  Eat: Chunk             ||     3
       Ration            ||     1
Armor: Robe              ||    15
Dodge: Dodged            ||    27
Block: Shield            ||    51
